AoeStats
← Charlitos22

Arena

506507721Analyzed
2v2 RM · 19d ago on Sep 13, 2026· 52m 17s· 4 players
Game mode
Random Map
Map size
Medium (4 player)
Population
200
Speed
Normal
Resources
Standard
Victory
Conquest
Starting age
Dark Age
Ending age
Imperial Age
RankedLock teamsTeams togetherTeam positionsShared explorationLock speedFull tech treeHidden civsTurbo modeCheats
Victory
Defeat
🇨🇱 Bulgarians · Chile
917
+11
🇨🇱 Aztecs · Chile
890
+12
823
-12
🇨🇴 Bohemians · Colombia
801
-11
Tarik-Ali y los Umpalumpa
2:10 Loom
11:01 Feudal Age
11:43 Double-Bit Axe
17:37 Castle Age
16:39 Loom
16:42 Town Watch
18:49 Bow Saw
18:35 Gold Mining
22:34 Gold Shaft Mining
27:26 Fletching
38:28 Imperial Age
40:42 Scale Mail Armor
40:58 Forging
44:06 Wheelbarrow
44:57 Light Cavalry
isarco25girasoles
11:29 Feudal Age
12:36 Horse Collar
12:44 Double-Bit Axe
15:41 Wheelbarrow
17:10 Forging
16:29 Man-at-Arms
21:44 Castle Age
20:57 Scale Mail Armor
22:52 Bow Saw
22:41 Pikeman
28:03 Heavy Plow
28:57 Chain Mail Armor
34:49 Imperial Age
34:38 Iron Casting
35:59 Chemistry
35:24 Squires
36:25 Wheelbarrow
36:58 Halberdier
37:04 Elite Hussite Wagon
39:06 Blast Furnace
39:57 Hand Cart
40:54 Two-Man Saw
39:38 Houfnice
41:11 Ballistics
40:55 Elite Skirmisher
43:41 Siege Engineers
46:44 Murder Holes
47:00 Fortified Wall
49:58 Long Swordsman
Tronix661
11:17 Feudal Age
15:30 Castle Age
13:42 Double-Bit Axe
17:03 Forging
19:42 Gold Mining
19:50 Horse Collar
22:02 Loom
23:54 Scale Barding Armor
25:10 Chain Barding Armor
25:51 Iron Casting
25:58 Heavy Plow
26:10 Bow Saw
27:29 Gold Shaft Mining
27:36 Wheelbarrow
29:59 Stirrups
30:00 Town Watch
30:33 Hand Cart
34:49 Imperial Age
34:52 Town Patrol
36:54 Plate Barding Armor
36:53 Crop Rotation
36:21 Stone Mining
37:20 Conscription
38:07 Blast Furnace
37:35 Elite Konnik
39:32 Bagains
40:06 Scale Mail Armor
41:39 Chain Mail Armor
43:29 Plate Mail Armor
43:13 Onager
44:35 Siege Onager
Charlitos22
10:47 Feudal Age
16:14 Castle Age
16:23 Town Watch
16:23 Loom
16:33 Gold Mining
16:35 Stone Mining
20:08 Fervor
24:10 Stone Shaft Mining
28:31 Imperial Age
26:58 Gold Shaft Mining
30:04 Double-Bit Axe
30:24 Onager
30:51 Horse Collar
33:08 Fletching
33:19 Padded Archer Armor
36:42 Bodkin Arrow
37:02 Leather Archer Armor
38:50 Garland Wars
40:02 Conscription
39:10 Pikeman
39:51 Squires
41:38 Forging
41:29 Scale Mail Armor
41:47 Eagle Warrior
43:23 Wheelbarrow
42:51 Town Patrol
44:34 Elite Jaguar Warrior
47:04 Capped Ram
48:36 Siege Ram
Connection lost

Rejoining the realm…

Still unreachable

The connection could not be restored.

Session expired

The server has moved on; the page needs a fresh start.